Map: King's Cove LE

Players

Mez - Winner!

  • Race: Terran Terran
  • League: Master
  • Spawn Location: 5:00

Chobo

  • Race: Terran Terran
  • League: Master
  • Spawn Location: 11:00

VOD

Have the link to the VOD?

Description

Time

  • Played on: Aug. 6, 2019, 1:38 p.m.
  • Length: 14:01
Show
View Real Time Build Order
Export as new Build Order

Mez Terran - Winner!

Build Orders:  

Get SALT Encoding   

  12  0:01  SCV  
  13  0:13  SCV  
  14  0:23  Supply Depot  
  14  0:28  SCV  
  15  0:45  Barracks  
  15  0:48  Refinery  
  15  0:52  SCV  
  16  1:06  SCV  
  16  1:07  Barracks  
  17  1:18  SCV  
  18  1:32  Reaper  
  19  1:34  Barracks  
  19  1:38  Refinery  
  19  1:42  SCV  
  20  1:55  Supply Depot  
  20  1:56  Reaper  
  21  2:05  Reaper  
  22  2:25  Reaper  
  22  2:28  Reaper, Orbital Command  
  24  2:38  Reaper  
  25  2:58  Reaper  
  26  3:00  Reaper, SCV  
  28  3:10  Reaper  
  29  3:13  SCV  
  30  3:25  SCV  
  31  3:33  Reaper  
  31  3:39  Factory  
  31  3:41  Reaper  
  31  3:48  Engineering Bay  
  31  4:00  SCV  
  27  4:11  Reaper  
  27  4:13  Reaper  
  27  4:15  SCV  
  29  4:23  Factory Tech Lab  
  29  4:26  Starport  
  29  4:30  Missile Turret  
  29  4:38  SCV  
  30  4:46  Marine  
  31  4:57  Supply Depot  
  31  5:02  SCV  
  30  5:09  Starport Tech Lab  
  30  5:13  Cyclone  
  33  5:16  Command Center  
  31  5:28  Raven  
  33  5:31  SCV  
  34  5:36  Supply Depot  
  34  5:37  Command Center  
  34  5:46  Siege Tank  
  37  6:01  Missile Turret  
  37  6:08  Supply Depot  
  37  6:09  Missile Turret  
  37  6:14  SCV  
  37  6:18  Raven  
  40  6:26  SCV  
  41  6:33  Barracks Reactor, Barracks Tech Lab  
  41  6:38  Refinery  
  41  6:53  Orbital Command  
  41  6:56  Orbital Command  
  41  6:58  SCV  
  42  7:06  Siege Tank  
  42  7:07  Marine  
  46  7:11  SCV  
  47  7:17  Stimpack  
  47  7:18  Marine x2  
  49  7:23  SCV x3  
  52  7:30  Marine  
  52  7:35  SCV, Marine  
  52  7:36  Raven  
  57  7:37  Supply Depot  
  57  7:40  SCV x2  
  57  7:42  Barracks  
  59  7:47  SCV  
  60  7:52  SCV  
  61  8:04  Cyclone  
  58  8:34  Starport Reactor  
  58  8:37  Marine x3  
  58  8:40  Barracks  
  61  8:42  Combat Shield, Barracks  
  61  8:43  Siege Tank  
  64  8:50  SCV  
  64  8:51  SCV, Orbital Command  
  64  8:53  Refinery  
  64  8:54  Marine x2, Terran Infantry Weapons Level 1  
  64  8:55  Marine  
  69  8:58  Supply Depot  
  69  8:59  Barracks x2, Supply Depot  
  69  9:01  Barracks  
  69  9:03  SCV x2  
  71  9:15  SCV  
  71  9:16  Siege Tank, Marine x2  
  71  9:17  Marine x2  
  77  9:20  SCV x2  
  81  9:27  SCV  
  81  9:28  Supply Depot  
  81  9:29  Supply Depot  
  82  9:32  Barracks Reactor  
  82  9:33  Barracks Reactor  
  82  9:34  Marine  
  82  9:35  SCV x2  
  85  9:39  SCV, Medivac x2  
  85  9:44  Marine  
  85  9:45  Marine  
  92  9:47  SCV x2  
  92  9:51  Marine x4  
  92  9:52  Marine  
  98  10:16  Marine x3  
  98  10:17  Marine x5  
  98  10:18  Siege Tank  
  98  10:19  Medivac x2  
  110  10:40  Marine x7  
  110  10:41  Marine x3  
  120  10:43  SCV x3  
  122  11:00  Marine x10  
  122  11:01  Marine  
  122  11:02  Terran Infantry Armor Level 1  
  133  11:08  Command Center, Supply Depot  
  133  11:10  Supply Depot  
  133  11:12  Supply Depot x3  
  133  11:14  Supply Depot  
  133  11:20  Armory  
  133  11:24  Engineering Bay  
  133  11:29  SCV, Marine x7  
  133  11:32  SCV x2, Medivac x2  
  147  11:45  Marine x2  
  147  11:46  Marine x2  
  151  11:47  Siege Tank  
  151  11:48  SCV  
  151  11:50  SCV  
  156  12:02  Medivac x2  
  160  12:10  Marine  
  160  12:12  SCV x3  
  159  12:24  SCV x2  
  159  12:29  Marine x2  
  160  12:32  Viking x2  
  160  12:33  Marine x9  
  160  12:35  SCV  
  160  12:36  SCV  
  172  12:39  Refinery  
  172  12:41  Refinery  
  172  12:42  Siege Tank  
  166  13:09  Marine  
  166  13:10  Marine x4  
  166  13:11  Barracks Reactor  
  166  13:12  Barracks Reactor x2, Planetary Fortress  
  171  13:13  SCV x3  
  171  13:19  Missile Turret  
  174  13:21  Missile Turret  
  174  13:25  SCV x3  
  177  13:41  Missile Turret  
Show
View Real Time Build Order
Export as new Build Order

Chobo Terran 

Build Orders:  

Get SALT Encoding   

  12  0:00  SCV  
  13  0:13  SCV  
  14  0:18  Supply Depot  
  14  0:25  SCV  
  15  0:34  Refinery  
  15  0:40  SCV  
  16  0:46  Barracks  
  16  0:52  SCV  
  17  1:00  Refinery  
  17  1:04  SCV  
  18  1:16  SCV  
  19  1:28  SCV  
  20  1:36  Barracks  
  20  1:38  Factory  
  20  1:40  Reaper  
  20  1:42  SCV  
  22  1:53  Supply Depot  
  22  2:06  Orbital Command  
  22  2:13  Bunker  
  22  2:16  Reaper  
  22  2:28  Bunker  
  22  2:38  Hellion  
  24  2:53  Reaper  
  24  2:56  Starport  
  23  3:02  Hellion  
  22  3:09  SCV  
  22  3:23  Hellion  
  22  3:25  Reaper  
  19  3:47  Starport Tech Lab  
  19  3:52  SCV  
  20  3:55  Factory Tech Lab  
  13  4:15  Cyclone  
  16  4:19  SCV  
  17  4:25  Marine  
  18  4:31  SCV  
  19  4:43  SCV  
  20  4:46  Marine  
  20  4:47  Hellion  
  23  4:53  Cloaking Field  
  23  4:55  SCV  
  23  5:07  SCV  
  24  5:19  SCV, Banshee  
  24  5:21  Barracks Reactor  
  28  5:26  Supply Depot  
  28  5:32  SCV  
  29  5:44  SCV  
  30  5:53  Siege Tank  
  30  5:56  SCV  
  34  6:02  Supply Depot  
  34  6:08  SCV  
  35  6:20  SCV, Banshee  
  35  6:23  Marine x2  
  41  6:29  Supply Depot  
  41  6:32  SCV  
  42  6:41  Marine x2  
  42  6:44  SCV  
  45  6:50  Siege Tank  
  45  7:07  Command Center  
  45  7:11  Marine x2  
  47  7:20  SCV  
  48  7:23  Supply Depot  
  48  7:35  Barracks  
  48  7:40  Barracks  
  45  8:05  Marine  
  44  8:09  Stimpack  
  44  8:10  Factory Tech Lab  
  45  8:14  Starport Reactor  
  45  8:15  Engineering Bay  
  41  8:21  Orbital Command  
  41  8:23  Marine  
  42  8:28  SCV  
  42  8:31  Combat Shield  
  42  8:32  Marine x2  
  45  8:39  Marine  
  45  8:40  SCV  
  47  8:48  SCV  
  48  8:52  SCV, Terran Infantry Weapons Level 1  
  49  8:59  Medivac  
  49  9:00  SCV  
  52  9:03  Medivac  
  52  9:06  SCV  
  55  9:12  SCV, Marine x3  
  55  9:14  Marine  
  60  9:18  SCV  
  61  9:24  SCV  
  61  9:25  Supply Depot  
  61  9:30  SCV  
  63  9:36  Viking x2, SCV  
  68  9:38  Marine  
  68  9:40  Marine  
  68  9:42  SCV  
  71  9:48  SCV  
  72  9:54  SCV  
  71  10:11  Marine  
  71  10:12  Marine x3  
  71  10:13  Medivac x2  
  78  10:18  Command Center  
  78  10:25  Siege Tank  
  81  10:29  Marine x3  
  82  10:41  Marine  
  76  10:43  Viking x2  
  76  10:44  SCV  
  76  10:47  Marine x3  
  84  10:53  SCV  
  84  10:56  SCV  
  86  11:03  Barracks  
  86  11:06  Barracks  
  86  11:07  SCV  
  86  11:08  Barracks  
  86  11:09  SCV  
  88  11:21  SCV  
  88  11:22  Factory  
  88  11:24  Barracks Reactor  
  88  11:47  Marine x3  
  88  11:52  Refinery x2  
  94  11:57  Supply Depot  
  94  11:58  Supply Depot  
  94  12:00  Supply Depot  
  94  12:05  Barracks Reactor  
  81  12:22  Starport Reactor  
  69  12:38  Factory Tech Lab  
  68  12:45  Marine x3  
  68  12:47  Siege Tank  
  73  12:51  SCV  
  73  12:54  Command Center  
  73  12:57  Barracks x2  
  73  12:58  Barracks  
  74  13:01  Siege Tank  
  75  13:10  Marine x5  
  80  13:20  Barracks Reactor  
  80  13:24  SCV  
  80  13:25  SCV  
  82  13:28  Siege Tank, Marine x5  
  82  13:29  Barracks Reactor  
  82  13:33  Barracks Reactor  
  90  13:54  Barracks Reactor  
Tags
 
Add a new tag
Caveats
  • Supply blocks, unpowered buildings, or Contaminate may cause inaccurate times.
  • Supply counts are checked every 10 seconds.